 Dungeon Crawl Stone Soup version 0.31-a0-112-gdf0485fa37 (webtiles) character file.

Game seed: 16597340142934532778

1705 Kenran the Grappler (level 9, 0/81 HPs)
             Began as a Naga Fighter on May 28, 2023.
             Slain by a steam dragon (6 damage)
             ... on level 6 of the Dungeon.
             The game lasted 00:07:53 (5354 turns).

Kenran the Grappler (Naga Fighter)                  Turns: 5354, Time: 00:07:54

Health: 0/81       AC:  6    Str: 22    XL:     9   Next: 3%
Magic:  9/9        EV: 12    Int: 10    God:
Gold:   292        SH:  5    Dex: 12    Spells: 8/8 levels left

rFire   . .          .
                       - Unarmed
rCold   . . .        s - +0 buckler of the Terrible God {*Corrode Regen+ Dex+2 SInv}
rNeg    . . .        a - +0 scale mail
rPois   +            (no helmet)
rElec   .            (no cloak)
rCorr   .            (no gloves)
SInv    +            (no barding)
Will    +....        (no amulet) Stlth
                     e - +5 ring of evasion
HPRegen 1.13/turn    (no ring)
MPRegen 0.11/turn

%: corrode self (3%)
@: short of breath, very slow
A: AC +3, large, see invisible, deformed body, poison resistance, slowness 2,
spit poison 1, naga tail 1
a: Spit Poison


You were on level 6 of the Dungeon.
You visited 1 branch of the dungeon, and saw 6 of its levels.

You collected 292 gold pieces.

Inventory:

Armour
 a - a +0 scale mail (worn)
 s - the +0 buckler of the Terrible God (worn) {*Corrode Regen+ Dex+2 SInv}
   (You found it on level 5 of the Dungeon)

   Dex:       It affects your dexterity (+2).
   SInv:      It lets you see invisible.
   Regen:     It increases your rate of health regeneration.
   *Corrode:  It may corrode you when you take damage.
Jewellery
 e - a +5 ring of evasion (left hand)
Wands
 p - a wand of light (1)
 x - a wand of roots (3)
Scrolls
 c - 2 scrolls of teleportation {unknown}
 d - a scroll of enchant armour
 f - a scroll of vulnerability {unknown}
 g - 2 scrolls of silence
 h - a scroll of brand weapon {unknown}
 j - a scroll of noise {unknown}
 m - a scroll of poison {unknown}
 o - a scroll of amnesia {unknown}
 r - a scroll of butterflies {unknown}
Potions
 b - a potion of might
 i - 3 potions of lignification {unknown}
 k - a potion of enlightenment {unknown}
 l - 2 potions of heal wounds {unknown}
 n - a potion of mutation {unknown}
 q - a potion of magic {unknown}
 t - a potion of resistance {unknown}
 u - a potion of attraction {unknown}
 v - a potion of curing {@q1}
 w - a potion of berserk rage {unknown}


   Skills:
 - Level 5.0 Fighting
 - Level 2.4 Armour
 - Level 4.0 Shields
 + Level 10.2 Unarmed Combat


You had 8 spell levels left.
You didn't know any spells.
Your spell library contained the following spells:

 Spells                   Type           Power      Damage    Failure   Level
 Summon Small Mammal      Summ           0%         N/A       77%         1
 Call Canine Familiar     Summ           0%         N/A       98%         3
 Summon Guardian Golem    Hex/Summ       0%         N/A       98%         3


Dungeon Overview and Level Annotations

Branches:
Dungeon (6/15)
 Temple: D:4-7

Altars:
Dithmenos
Kikubaaqudgha
Okawaru
Qazlal
Xom
Yredelemnul

Annotations:
D:3 exclusion: downstairs
D:4 3 runed translucent doors, PirateVox's ghost, amateur TrMo


Innate Abilities, Weirdness & Mutations

Your serpentine skin is tough. (AC +3)
You have supernaturally acute eyesight. (SInv)
Armour fits poorly on your strangely shaped body.
Your system is resistant to poisons. (rPois)
You cover ground very slowly.
You can spit poison.
You have a snake-like lower body.


Message History

The steam dragon claws you.
You closely miss the steam dragon.
The steam dragon is heavily wounded.
The steam dragon bites you but does no damage.
The steam dragon misses you.
You barely miss the steam dragon.
The steam dragon is heavily wounded.
You hit the steam dragon.
The steam dragon is heavily wounded.
The steam dragon misses you. The steam dragon completely misses you.
You hit the steam dragon.
The steam dragon is severely wounded.
The steam dragon closely misses you.
The steam dragon claws you but does no damage.
You hit the steam dragon.
The steam dragon is severely wounded.
You block the steam dragon's attack.
The steam dragon claws you but does no damage.
You closely miss the steam dragon.
The steam dragon is severely wounded.
You have got your breath back.
The steam dragon breathes steam at you. The ball of steam hits you!!
* * * LOW HITPOINT WARNING * * *
The steam dragon closely misses you. You block the steam dragon's attack.
Aiming: Spit Poison (1% risk of failure)
Press: ? - help, Shift-Dir - straight line, f/p - steam dragon
Aim: a steam dragon (severely wounded, catching its breath, 64% to hit)
The splash of poison misses the steam dragon.
You block the steam dragon's attack.
The steam dragon claws you but does no damage.
You hit the steam dragon.
The steam dragon is almost dead.
The steam dragon breathes steam at you. The ball of steam hits you!!
* * * LOW HITPOINT WARNING * * *
The steam dragon barely misses you.
The steam dragon claws you but does no damage.
The steam dragon bites you.
You die...

..#....## ...P~#
##.#.#..###########
...........#.# #..#
...#.###.....####.###
....#.#
#.#........... ...
#.# #.########.###
...
#.###.#...........
#D##........##....
#@§.........#####.
#######..............
#...# #...........###
#...# #...........≣#~
#...###...........#~.
#............##...≣#~
#............##...##
#............###.##
#............# #†#


You could see a steam dragon (catching breath).

Vanquished Creatures
  Grinder (D:3)
  Sigmund (D:4)
  A wraith (D:6)
  Edmund (D:5)
  An ice beast (D:6)
  An ogre (D:6)
  A centaur (D:6)
  A phantom (D:5)
  Blork the orc (D:6)
  2 bullfrogs
  2 scorpions
  A jelly (D:6)
  3 vampire bats (D:3)
  3 hounds
  An iguana (D:5)
  3 gnolls (D:5)
  2 adders (D:6)
  A shadow imp (D:6)
  A white imp (D:5)
  3 ufetubi (D:5)
  2 adder zombies (D:4)
  A worm (D:2)
  2 dart slugs (D:1)
  2 orcs
  3 ball pythons
  3 bat skeletons (D:3)
  3 bat zombies (D:3)
  5 endoplasms
  5 giant cockroaches
  8 goblins
  6 hobgoblins
  4 kobolds
  5 quokkas
  6 bats
  3 frilled lizards
  9 rats
98 creatures vanquished.

Notes
Turn   | Place    | Note
-------+----------+-------------------------------------------
     0 | D:1      | Kenran the Naga Fighter began the quest for the Orb.
     0 | D:1      | Reached XP level 1. HP: 21/21 MP: 1/1
   315 | D:1      | Reached XP level 2. HP: 23/28 MP: 2/2
   458 | D:1      | Reached skill level 3 in Unarmed Combat
   581 | D:1      | Reached XP level 3. HP: 34/34 MP: 3/3
  1196 | D:2      | Reached skill level 4 in Unarmed Combat
  1400 | D:2      | Found a faded altar of an unknown god.
  1486 | D:2      | Reached XP level 4. HP: 42/42 MP: 4/4
  1604 | D:3      | Noticed Grinder
  1620 | D:3      | Killed Grinder
  1621 | D:3      | Reached skill level 6 in Unarmed Combat
  1621 | D:3      | Reached XP level 5. HP: 19/49 MP: 5/5
  1621 | D:3      | Reached XP level 6. HP: 22/56 MP: 6/6
  1879 | D:3      | Found an iron altar of Okawaru.
  1898 | D:3      | Found a shimmering altar of Xom.
  2184 | D:3      | Found an ancient bone altar of Kikubaaqudgha.
  2191 | D:3      | Reached skill level 7 in Unarmed Combat
  2199 | D:3      | Reached XP level 7. HP: 59/62 MP: 7/7
  2614 | D:4      | Noticed Sigmund
  2828 | D:4      | Killed Sigmund
  2829 | D:4      | Reached skill level 8 in Unarmed Combat
  3067 | D:4      | Found a runed translucent gate.
  3067 | D:4      | Found a runed translucent gate.
  3067 | D:4      | Found a runed translucent gate.
  3067 | D:4      | Noticed PirateVox's ghost (amateur TrMo)
  3069 | D:4      | Found a basalt altar of Yredelemnul.
  3305 | D:5      | Entered Level 5 of the Dungeon
  3413 | D:5      | Identified the +0 buckler of the Terrible God {*Corrode
                  | Regen+ Dex+2 SInv}
  3604 | D:5      | Noticed Edmund
  3633 | D:5      | Killed Edmund
  3634 | D:5      | Reached skill level 9 in Unarmed Combat
  3634 | D:5      | Reached XP level 8. HP: 15/69 MP: 8/8
  4670 | D:6      | Reached skill level 10 in Unarmed Combat
  4671 | D:6      | Found a stormy altar of Qazlal.
  4694 | D:6      | Found a shadowy altar of Dithmenos.
  4982 | D:6      | Identified the +2 robe of Music {+Inv rCorr Str-3 Slay+5}
  5017 | D:6      | Noticed a wraith
  5032 | D:6      | Killed a wraith
  5184 | D:6      | Noticed Blork the orc
  5203 | D:6      | Killed Blork the orc
  5224 | D:6      | Reached skill level 5 in Fighting
  5236 | D:6      | Reached XP level 9. HP: 61/81 MP: 9/9
  5353 | D:6      | HP: 4/81 [steam dragon/ball of steam (19)]
  5354 | D:6      | Slain by a steam dragon

Illustrated notes

Levels and vault maps discovered:
D:1:      dpeg_arrival_water_temple_mockup, layout_loops_corners
D:2:      layout_rooms, hellmonk_ecumenical_altar_crossroads,
          kennysheep_generic_room_7
D:3:      layout_loops_ring, mainiacjoe_overflow_cross_hatched,
          lemuel_round_altar, kennysheep_vampire_church, uniq_grinder
D:4:      layout_cave_pools, nicolae_yredelemnul_ghost_church, uniq_sigmund
D:5:      layout_loops_ring, uniq_edmund
D:6:      layout_basic, mainiacjoe_overflow_catwalk_spiral, serial_aquarium,
          aquarium_bridge_square [aquarium_subvault_balcony,
          aquarium_subvault_bridge, aquarium_subvault_window,
          aquarium_subvault_bridge], aquarium_window_corridor_3,
          aquarium_window_2, aquarium_window_2, aquarium_view_2c,
          aquarium_view_2c, aquarium_balcony_1a, uniq_blork_the_orc

Skill      XL: |  1  2  3  4  5  6  7  8 |
---------------+-------------------------+-----
Unarmed Combat | 3 4 6 7 9 10 | 10.2
Shields        | 4 |  4.0
Fighting       | 5 |  5.0
Armour         | |  2.4

Action                     |  1- 3 |  4- 6 |  7- 9 || total
---------------------------+-------+-------+-------++-------
  Melee: Unarmed           |   169 |    61 |   147 ||   377
Ability: Spit Poison       |     4 |     1 |    29 ||    34
  Evoke: Wand              |       |       |     7 ||     7
    Use: Scroll            |       |     3 |     1 ||     4
         Potion            |       |     1 |     3 ||     4
   Stab: Invisible         |       |       |     4 ||     4
 Armour: Scale mail        |    79 |    53 |    51 ||   183
  Dodge: Dodged            |    54 |    36 |    71 ||   161
  Block: Buckler           |    31 |    14 |    33 ||    78

Table legend: (Time is in decaauts)
 A = Elapsed time spent in this place.
 B = Non-inter-level travel time spent in this place.
 C = Inter-level travel time spent in this place.
 D = Time resting spent in this place.
 E = Time spent auto-exploring this place.
 F = Levels seen in this place.
 G = Mean time per level.
                   A        B        C        D        E       F      G
               +--------+--------+--------+--------+--------+-----+--------+
         Total |   6842 |   6578 |    264 |    732 |   4620 |   6 | 1140.3 |
       Dungeon |   6842 |   6578 |    264 |    732 |   4620 |   6 | 1140.3 |
               +--------+--------+--------+--------+--------+-----+--------+

Top non-repeatable levels by time:
     D:5: 1408 daAuts
     D:1: 1396 daAuts
     D:3: 1375 daAuts
     D:6: 1197 daAuts
     D:4: 843 daAuts
     D:2: 620 daAuts
